 Dungeon Crawl Stone Soup version 0.30.1-9-gdf580d7c3d (webtiles) character file.

Game seed: 3480699684346528657

17 lonewolfV2 the Scratcher (level 2, -1/12 HPs)
             Began as a Felid Transmuter on Oct 12, 2023.
             Slain by a jackal (2 damage)
             ... on level 1 of the Dungeon.
             The game lasted 00:00:59 (581 turns).

lonewolfV2 the Scratcher (Felid Transmuter)          Turns: 581, Time: 00:01:00

Health: -1/12      AC:  1    Str:  6    XL:     2   Next: 44%
Magic:  6/6        EV: 17    Int: 14    God:
Gold:   35         SH:  0    Dex: 16    Spells: 4/5 levels left
                                        Lives:  0   Deaths: 0

rFire   . .          .
                       - Unarmed
rCold   . . .        (shield unavailable)
rNeg    . . .        (body armour unavailable)
rPois   .            (helmet unavailable)
rElec   .            (cloak unavailable)
rCorr   .            (gloves unavailable)
SInv    +            (boots unavailable)
Will    .....        (no amulet)
Stlth   ++           (no ring)
HPRegen 0.22/turn    (no ring)
MPRegen 0.10/turn

%: no passive effects
@: appendages (expiring), quick
A: horns 2, very small, claws 1, fangs 3, see invisible, speed 1, shaggy fur 1,
stealthy paws, no weapons or thrown items, no armour, multi-lived
a: End Transformation


You were on level 1 of the Dungeon.
You had temporarily grown beastly horns.
You visited 1 branch of the dungeon, and saw 1 of its levels.

You collected 35 gold pieces.

Inventory:

Jewellery
 b - an amulet of the acrobat
 c - a ring of ice
Scrolls
 d - a scroll of noise {unknown}
 e - a scroll of identify {unknown}
 f - a scroll of vulnerability {unknown}
Potions
 a - a potion of lignification


   Skills:
 + Level 1.0 Fighting
 + Level 2.8 Dodging
 + Level 0.4 Stealth
 + Level 3.5 Unarmed Combat
 + Level 2.1 Spellcasting
 + Level 2.4 Transmutations


You had 4 spell levels left.
You knew the following spells:

 Your Spells              Type           Power      Damage    Failure   Level
a - Beastly Appendage     Tmut           16%        N/A       9%          1

Your spell library contained the following spells:

 Spells                   Type           Power      Damage    Failure   Level
 Wereblood                Tmut           8%         N/A       13%         2
 Spider Form              Tmut/Pois      4%         N/A       41%         3
 Ice Form                 Ice/Tmut       4%         N/A       82%         4


Dungeon Overview and Level Annotations

Branches:
Dungeon (1/15)

Altars:


Innate Abilities, Weirdness & Mutations

You have temporarily grown beastly horns.
You have sharp claws.
You have razor-sharp teeth.
You have supernaturally acute eyesight. (SInv)
You cover ground quickly. (Speed+)
You are covered in fur. (AC +1)
Your paws help you pounce on unaware monsters.
You are incapable of wielding weapons or throwing items.
You cannot wear armour.
You gain extra lives every three experience levels.


Message History

Confirm with . or Enter, or press ? or * to list all spells.
You grow a pair of large bovine horns.
The jackal barely misses you. The jackal bites you.
The hobgoblin closely misses you.
You completely miss the jackal. The jackal bites you. x2
The hobgoblin hits you. The jackal misses you.
The jackal barks! x2
You scratch the jackal. You headbutt the jackal.
You kill the jackal!
The jackal bites you. The hobgoblin barely misses you.
The jackal attacks as you move away! The jackal completely misses you.
You scratch the jackal.
The jackal is moderately wounded.
The jackal closely misses you. The hobgoblin closely misses you.
The jackal barely misses you. The jackal closely misses you.
Unknown command.
You scratch the jackal.
The jackal is severely wounded.
The jackal bites you but does no damage.
The hobgoblin barely misses you. The jackal misses you.
You closely miss the jackal.
The jackal is severely wounded.
The jackal barely misses you. x2; The hobgoblin closely misses you.
The jackal closely misses you. The jackal misses you.
You scratch the jackal.
You kill the jackal!
Your transformation is almost over.
The jackal closely misses you. The hobgoblin hits you.
The jackal bites you but does no damage.
Unknown command.
The jackal attacks as you move away! The jackal bites you.
The hobgoblin barely misses you. The jackal completely misses you.
You see here a jackal corpse.
You closely miss the jackal. The jackal closely misses you.
The jackal barely misses you. The hobgoblin completely misses you.
You barely miss the jackal. Your headbutt misses the jackal.
Your bite misses the jackal. The jackal bites you.
* * * LOW HITPOINT WARNING * * *
The jackal bites you.
You die...

#.........# #.#
#.........# #.#
#.........# #.#
#.........####.###
###.#######.......
#.##............
########.##............
#.........#g......|....
#....)....@h...........
#.........#h...#.......
#.........#....#.......
#.........#....#.......
###########....#...h...
#....#.....h.
#....######## #....#


You could see 2 jackals and a hobgoblin.

Vanquished Creatures
  3 endoplasms (D:1)
  2 giant cockroaches (D:1)
  A goblin (D:1)
  2 jackals (D:1)
  4 bats (D:1)
  2 kobolds (D:1)
14 creatures vanquished.

Notes
Turn   | Place    | Note
-------+----------+-------------------------------------------
     0 | D:1      | lonewolfV2 the Felid Transmuter began the quest for the
                  | Orb.
     0 | D:1      | Reached XP level 1. HP: 9/9 MP: 4/4
   262 | D:1      | Reached XP level 2. HP: 10/12 MP: 4/6
   581 | D:1      | Slain by a jackal

Illustrated notes

Levels and vault maps discovered:
D:1:      eino_arrival_cavern_a, layout_basic, bh_walls_and_bars

Action                     || total
---------------------------++-------
  Melee: Unarmed           ||    39
         Headbutt          ||     3
         Bite              ||     3
         Punch             ||     1
   Cast: Beastly Appendage ||    10
   Stab: Sleeping          ||     1
 Armour: Skin              ||     6
  Dodge: Dodged            ||    54
